 Dungeon Crawl Stone Soup version 0.30-a0-390-g80c34de65d (webtiles) character file.

Game seed: 15172834656337704977

2713 spardeous the Nimble (level 9, -7/40 HPs)
             Began as a Felid Transmuter on Dec 4, 2022.
             Was an Initiate of Gozag.
             Mangled by Urug
             ... wielding a +5 great sword
              (15 damage)
             ... on level 11 of the Dungeon.
             The game lasted 00:48:30 (14246 turns).

spardeous the Nimble (Felid Transmuter)            Turns: 14246, Time: 00:48:31

Health: -7/40      AC:  2    Str:  6    XL:     9   Next: 39%
Magic:  24/29      EV: 29    Int: 21    God:    Gozag
Gold:   786        SH:  0    Dex: 25    Spells: 8/22 levels left
                                        Lives:  0   Deaths: 2

rFire   + + +      SeeInvis +      - Unarmed
rCold   . . .      Faith    .    (shield unavailable)
rNeg    + . .      Spirit   .    (body armour unavailable)
rPois   .          Reflect  .    (helmet unavailable)
rElec   .          Harm     .    (cloak unavailable)
rCorr   .          Rampage  .    (gloves unavailable)
Will    +....                    (boots unavailable)
Stlth   +++.......               A - amulet of regeneration
HPRegen 1.06/turn                d - ring of the Sun {rPois rF+++ Will+ MP+9 Int-5}
MPRegen 0.21/turn                x - ring "Nedug" {rN+ Will- Int+8 Dex+2}

@: spider-form, very slightly contaminated
A: venomous fangs, tiny, (claws 1), (fangs 3), see invisible, (speed 1), (shaggy
fur 2), (stealthy paws), no weapons or thrown items, no armour, multi-lived
a: End Transformation, Renounce Religion, Potion Petition, Call Merchant, Bribe
Branch


You were on level 11 of the Dungeon.
You worshipped Gozag.
Gozag was pleased with you.
You were a venomous arachnid creature.
You visited 2 branches of the dungeon, and saw 12 of its levels.

You collected 952 gold pieces.
You paid 166 gold pieces to Gozag.

Inventory:

Hand Weapons
 o - a +0 mace
Jewellery
 d - the ring of the Sun (left front leg) {rPois rF+++ Will+ MP+9 Int-5}
   (You acquired it on level 6 of the Dungeon)

   [ring of magical power]

   Int:       It affects your intelligence (-5).
   rF:        It renders you almost immune to fire.
   rPois:     It protects you from poison.
   MP:        It affects your magic capacity (+9).
   Will:      It increases your willpower.
 t - a ring of protection from cold
 u - a ring of positive energy
 x - the ring "Nedug" (right front leg) {rN+ Will- Int+8 Dex+2}
   (You found it on level 8 of the Dungeon)

   [ring of positive energy]

   Int:       It affects your intelligence (+8).
   Dex:       It affects your dexterity (+2).
   rN:        It protects you from negative energy.
   Will:      It decreases your willpower.
 A - an amulet of regeneration (around neck)
 C - a ring of flight
Wands
 f - a wand of roots (9)
 p - a wand of charming (16)
 w - a wand of digging (6)
 z - a wand of quicksilver (7)
Scrolls
 b - 3 scrolls of noise {unknown}
 e - a scroll of enchant armour {unknown}
 g - a scroll of brand weapon
 h - a scroll of amnesia
 i - 4 scrolls of magic mapping
 j - 2 scrolls of silence {unknown}
 l - 2 scrolls of poison
 m - 2 scrolls of blinking {unknown}
 q - a scroll of vulnerability
 r - 5 scrolls of teleportation
 y - a scroll of immolation
 E - 2 scrolls of enchant weapon
Potions
 a - 3 potions of lignification
 c - 5 potions of brilliance
 k - a potion of heal wounds {unknown}
 n - a potion of resistance {unknown}
 s - 2 potions of might
 v - a potion of attraction
 B - a potion of cancellation


   Skills:
 - Level 5.0(2.5) Fighting
 - Level 12.5(8.5) Dodging
 - Level 5.3(2.6) Stealth
 + Level 6.6(3.3) Unarmed Combat
 - Level 7.0(3.5) Spellcasting
 - Level 11.0(7.0) Transmutations


You had 8 spell levels left.
You knew the following spells:

 Your Spells              Type           Power      Damage    Failure   Level
a - Beastly Appendage     Tmut           66%        N/A       4%          1
b - Spider Form           Tmut/Pois      18%        N/A       22%         3
c - Ice Form              Ice/Tmut       18%        N/A       52%         4
d - Iron Shot             Conj/Erth      1%         9d1       100%        6

Your spell library contained the following spells:

 Spells                   Type           Power      Damage    Failure   Level
 Wereblood                Tmut           33%        N/A       5%          2
 Cigotuvi's Dreadful Rot  Necr/Pois/Air  6%         N/A       38%         2
 Poisonous Vapours        Pois/Air       6%         N/A       38%         2
 Static Discharge         Conj/Air       6%         2-3/arc   38%         2
 Kindle Blastsparks       Fire/Tloc/Air  6%         2d10      58%         3
 Mephitic Cloud           Conj/Pois/Air  3%         N/A       58%         3
 Vhi's Electric Charge    Tloc/Air       6%         N/A       58%         3
 Fulminant Prism          Conj/Hex       1%         3d5       90%         4
 Iskenderun's Mystic Bla  Conj/Tloc      3%         2d3       90%         4
 Arcjolt                  Conj/Air       1%         1d11      99%         5
 Iskenderun's Battlesphe  Conj           3%         2d6       99%         5
 Lee's Rapid Deconstruct  Erth           1%         3d4*      99%         5
 Lightning Bolt           Conj/Air       1%         1d12      99%         5
 Spellforged Servitor     Conj/Summ      1%         N/A       100%        7


Dungeon Overview and Level Annotations

Branches:
Dungeon (11/15)            Temple (1/1) D:6            Lair (0/5) D:10
    Orc (0/2) D:9

Altars:
Ashenzari
Cheibriados
Dithmenos
Elyvilon
Fedhas
Gozag
Hepliaklqana
Kikubaaqudgha
Makhleb
Nemelex Xobeh
Okawaru
Qazlal
Ru
Sif Muna
Trog
Uskayaw
Vehumet
Wu Jian
Xom
Yredelemnul
Zin
The Shining One

Shops:
D:2 :

Annotations:
D:10 2 transporters, Harold
D:11 Urug


Innate Abilities, Weirdness & Mutations

You are a venomous arachnid creature.
You have poisonous fangs.
You are tiny and dextrous.
Your spellcasting is less reliable in this form.
((You have sharp claws.))
((You have razor-sharp teeth.))
You have supernaturally acute eyesight. (SInv)
((You cover ground quickly. (Speed+)))
((You are covered in thick fur. (AC +2)))
((Your paws help you pounce on unaware monsters.))
You are incapable of wielding weapons or throwing items.
You cannot wear armour.
You gain extra lives every three experience levels.


Message History

The grasping roots constrict you.
The roots grasp on you weakens, but your attempt to escape fails.
Urug throws a javelin.
The javelin pierces through you!!
* * * LOW HITPOINT WARNING * * *
The grasping roots constrict you!
You die...
You are now level 9!
You rejoin the land of the living...
Something loses its grip on you.
You see here a +0 shortbow.
There is an open door here.
Urug shouts!
You see here a +0 shortbow.
Urug is nearby!
Urug is nearby!
Casting: Spider Form (dangerous; 9% risk of failure)
Confirm with . or Enter, or press ? or * to list all spells.
Okay, then.
Casting: Spider Form (dangerous; 9% risk of failure)
Confirm with . or Enter, or press ? or * to list all spells.
You miscast Spider Form.
You are very lightly contaminated with residual magic.
You feel very strange.
Casting: Spider Form (dangerous; 9% risk of failure)
Confirm with . or Enter, or press ? or * to list all spells.
You turn into a venomous arachnid creature.
Urug throws a javelin.
The javelin misses you. Urug hits you with a +5 great sword!!
Ouch! That really hurt!
* * * LOW HITPOINT WARNING * * *
You are too injured to fight recklessly!
You are too injured to fight recklessly!
You hit Urug.
Urug is poisoned.
Urug is lightly wounded.
Urug closely misses you.
You hit Urug but do no damage.
Urug is lightly wounded.
Urug hits you with a +5 great sword!
You die...
Your body crumbles into a pile of gold.

#..#.>..#...#...#.#
#..#....#...#.....#
#..#....#...#.....#
#..#....#...#.....#
#.......#...#.....#
#.......#<..#.###.#
+.#####.#...#.# #.#
#.# #.#####.###)#
#.#####.#####..os.#
#.......#...#.....#
###'#####...#.###.#
#..........#.....#
#..........#...$.#
#..........#.....#
############.....#
# #####.....# #
#...#$.#..#


You could see Urug (very poisoned).

Vanquished Creatures
  A two-headed ogre (D:9)
  Erica (D:10)
  Joseph (D:7)
  Maggie (D:9)
  A troll (D:11)
  A hornet (D:11)
  A shadow (D:10)
  2 wraiths
  4 yaks (D:10)
  4 wyverns
  A vampire (D:9)
  2 basilisks (D:10)
  3 vampire mosquitoes
  Menkaure (D:7)
  An acid dragon (D:11)
  4 water moccasins
  An ice beast (D:8)
  8 orc warriors
  2 sky beasts (D:7)
  2 ogres
  9 centaurs
  2 phantoms
  4 kobold brigands
  Blork the orc (D:5)
  A bullfrog (D:8)
  A necrophage (D:4)
  4 scorpions
  8 killer bees
  6 howler monkeys
  4 hounds (D:5)
  12 orc priests
  A gnoll bouda (D:9)
  2 jellies
  2 iguanas
  Ijyb (D:4)
  4 orc wizards
  14 gnolls
  6 adders
  A white imp (D:7)
  2 worms
  A dart slug (D:5)
  47 orcs
  4 endoplasms
  A giant cockroach (D:1)
  4 goblins
  5 hobgoblins
  2 jackals (D:1)
  7 quokkas
  9 ball pythons
  5 bats
  3 frilled lizards
  27 kobolds
  5 rats
247 creatures vanquished.

Vanquished Creatures (others)
  6 fungi (D:10)
  18 plants (D:10)
24 creatures vanquished.

Grand Total: 271 creatures vanquished

Notes
Turn   | Place    | Note
-------+----------+-------------------------------------------
     0 | D:1      | spardeous the Felid Transmuter began the quest for the Orb.
     0 | D:1      | Reached XP level 1. HP: 9/9 MP: 4/4
   127 | D:1      | Reached XP level 2. HP: 6/12 MP: 6/6
   244 | D:1      | Reached skill level 3 in Dodging
   373 | D:1      | Reached skill level 1 in Stealth
   619 | D:2      | Reached XP level 3. HP: 15/15 MP: 5/7
   659 | D:2      | Found Rimeatso's Book Shoppe.
  1158 | D:2      | Reached XP level 4. HP: 11/19 MP: 6/8
  1167 | D:2      | Learned a level 3 spell: Spider Form
  1400 | D:3      | Reached skill level 4 in Dodging
  1460 | D:3      | Noticed a scorpion
  1511 | D:3      | Killed a scorpion
  1512 | D:3      | Reached XP level 5. HP: 22/22 MP: 9/9
  1970 | D:3      | Reached skill level 5 in Dodging
  2036 | D:3      | Reached skill level 5 in Unarmed Combat
  2383 | D:4      | Noticed an ogre
  2790 | D:4      | Noticed a phantom
  2805 | D:4      | Killed a phantom
  2806 | D:4      | Gained mutation: You are covered in thick fur. (AC +2)
                  | [Felid growth]
  2806 | D:4      | Reached XP level 6. HP: 17/25 MP: 7/10
  3263 | D:4      | Noticed Ijyb
  3276 | D:4      | Killed Ijyb
  3486 | D:4      | Reached skill level 5 in Transmutations
  3865 | D:4      | Reached XP level 7. HP: 30/30 MP: 8/11
  3918 | D:5      | Entered Level 5 of the Dungeon
  4109 | D:5      | Found an iron altar of Okawaru.
  4159 | D:5      | Noticed Blork the orc
  4492 | D:5      | Found a stormy altar of Qazlal.
  4501 | D:5      | You fall into a shaft and drop 1 floor!
  4756 | D:5      | Killed Blork the orc
  4757 | D:5      | Reached skill level 5 in Stealth
  4840 | D:5      | Reached XP level 8. HP: 36/36 MP: 10/12
  4850 | D:5      | Found a shimmering blue altar of Sif Muna.
  5833 | D:6      | Found a staircase to the Ecumenical Temple.
  6085 | D:7      | Noticed Menkaure
  6175 | D:7      | Reached skill level 5 in Fighting
  6497 | D:7      | Reached skill level 5 in Spellcasting
  6553 | D:7      | Noticed Joseph
  6810 | D:7      | Killed Menkaure
  7416 | D:8      | Reached XP level 9. HP: 21/40 MP: 19/19
  7567 | D:8      | Identified the ring "Nedug" {rN+ Will- Int+8 Dex+2}
  7971 | D:8      | Reached skill level 6 in Dodging
  8545 | D:9      | Found a staircase to the Orcish Mines.
  8554 | D:9      | Noticed a two-headed ogre
  8559 | D:9      | Reached skill level 7 in Dodging
  9419 | D:9      | Killed a two-headed ogre
  9420 | D:9      | Reached skill level 9 in Dodging
  9517 | D:9      | Noticed Maggie
  9557 | D:9      | Killed Maggie
  9558 | D:9      | Reached XP level 10. HP: 44/44 MP: 21/21
 10031 | D:9      | Reached skill level 10 in Dodging
 10412 | D:8      | Learned a level 4 spell: Ice Form
 10706 | D:7      | Killed Joseph
 10888 | Temple   | Entered the Ecumenical Temple
 11194 | Temple   | Became a worshipper of Ashenzari the Shackled
 11195 | Temple   | Identified a scroll of acquirement
 11214 | Temple   | Learned a level 6 spell: Iron Shot
 11221 | D:6      | Acquired the ring of the Sun {rPois rF+++ Will+ MP+9 Int-5}
 11530 | D:10     | Entered Level 10 of the Dungeon
 11563 | D:10     | Found an opulent altar of Gozag.
 11587 | D:10     | Fell from the grace of Ashenzari
 11590 | D:10     | Became a worshipper of Gozag Ym Sagoz the Greedy
 11716 | D:10     | Found a transporter.
 11716 | D:10     | Noticed a wolf spider
 11718 | D:10     | Found a transporter.
 11722 | D:10     | Noticed a boulder beetle
 11771 | D:10     | Reached skill level 10 in Transmutations
 11854 | D:10     | Found a glowing silver altar of Zin.
 12047 | D:10     | HP: 1/44 [wyvern (18)]
 12225 | D:10     | Reached skill level 11 in Dodging
 12290 | D:10     | Found a staircase to the Lair.
 12445 | D:10     | Noticed Erica
 12514 | D:10     | Found a glowing golden altar of the Shining One.
 12514 | D:10     | Found an iron altar of Okawaru.
 12514 | D:10     | Found an ancient bone altar of Kikubaaqudgha.
 12705 | D:10     | Killed Erica
 12706 | D:10     | Reached skill level 12 in Dodging
 12706 | D:10     | Reached XP level 11. HP: 29/47 MP: 22/22
 12834 | D:10     | Noticed Harold
 13428 | D:11     | Noticed Urug
 13526 | D:11     | HP: 1/47 [centaur/arrow (14)]
 13567 | D:11     | Shot with an arrow by a centaur
 13568 | D:11     | Reached XP level 10. HP: -2/44 MP: 29/30
 14222 | D:11     | HP: 1/44 [Urug/javelin (19)]
 14222 | D:11     | Constricted to death by Urug
 14223 | D:11     | Reached XP level 9. HP: -8/40 MP: 29/29
 14246 | D:11     | Mangled by Urug

Illustrated notes

Levels and vault maps discovered:
D:1:      lemuel_arrival_river_ford, layout_rooms
D:2:      layout_rooms, serial_shops, nicolae_shop_window_shopping,
          minmay_pentomino_v2
D:3:      layout_rooms
D:4:      layout_cave_pods, uniq_ijyb
D:5:      layout_rooms, overflow_temple_1_default, hangedman_feature_mirror,
          uniq_blork_the_orc
D:6:      layout_loops_ring, minmay_temple_entry_large_hall
D:7:      layout_cave_pods, kennysheep_opposing_triangles, uniq_joseph,
          uniq_menkaure
D:8:      layout_basic
D:9:      layout_long_grid, david_orc_5, grunt_ministairs_6, evilmike_butchery,
          uniq_maggie
D:10:     layout_loops_ring, gammafunk_temple_overflow_arena,
          pdpol_temple_overflow_zin_treasury_gozag_greed,
          minmay_lair_entry_grove, uniq_erica, uniq_harold
D:11:     layout_stronghold, uniq_urug
Temple:   compressed_dpeg_triangle_lava_temple

Skill      XL: |  1  2  3  4  5  6  7  8  9 10 |
---------------+-------------------------------+-----
Dodging        | 3 4 5 9 12 | 12.5
Stealth        | 1 5 |  5.3
Unarmed Combat | 4 5 6 |  6.6
Transmutations | 4 5 8 11 | 11.0
Fighting       | 2 3 5 |  5.0
Spellcasting   | 6 7 |  7.0

Action                   |  1- 3 |  4- 6 |  7- 9 | 10-12 || total
-------------------------+-------+-------+-------+-------++-------
Melee: Unarmed           |    96 |   148 |   360 |   529 ||  1133
       Headbutt          |    15 |    24 |    16 |    13 ||    68
       Bite              |     9 |    13 |    13 |     7 ||    42
       Punch             |       |     3 |     6 |     1 ||    10
 Cast: Beastly Appendage |    31 |    48 |    35 |     7 ||   121
       Spider Form       |       |     8 |    49 |    39 ||    96
       Ice Form          |       |       |       |     7 ||     7
Invok: Renounce Religion |       |       |       |     1 ||     1
 Abil: End Transformatio |       |       |       |     3 ||     3
  Use: Potion            |       |       |     9 |     2 ||    11
       Scroll            |       |       |     3 |    20 ||    23
 Stab: Sleeping          |     1 |     3 |     7 |     1 ||    12
       Distracted        |       |       |     1 |     4 ||     5
Armor: Skin              |     7 |     3 |    15 |    35 ||    60
Dodge: Dodged            |    78 |    92 |   381 |   714 ||  1265

Table legend: (Time is in decaauts)
 A = Elapsed time spent in this place.
 B = Non-inter-level travel time spent in this place.
 C = Inter-level travel time spent in this place.
 D = Time resting spent in this place.
 E = Time spent auto-exploring this place.
 F = Levels seen in this place.
 G = Mean time per level.
                   A        B        C        D        E       F      G
               +--------+--------+--------+--------+--------+-----+--------+
         Total |  12740 |  11676 |   1064 |   1909 |   5871 |  12 | 1061.7 |
       Dungeon |  12471 |  11412 |   1059 |   1909 |   5639 |  11 | 1133.7 |
        Temple |    268 |    263 |      5 |      0 |    232 |   1 |  268.0 |
               +--------+--------+--------+--------+--------+-----+--------+

Top non-repeatable levels by time:
     D:9: 1996 daAuts
     D:7: 1574 daAuts
     D:4: 1567 daAuts
    D:10: 1235 daAuts
    D:11: 1214 daAuts
     D:8: 1089 daAuts
     D:5: 1024 daAuts
     D:3: 844 daAuts
     D:6: 789 daAuts
     D:2: 639 daAuts
     D:1: 496 daAuts
  Temple: 268 daAuts
